 Dungeon Crawl Stone Soup version 0.25-a0-566-g062765be81 (webtiles) character file.

Game seed: 14844978599293643391, levelgen mode: deterministic

20173 Flugslaktarn the Severer (level 12, -21/110 HPs)
             Began as a Minotaur Fighter on Feb 27, 2020.
             Was an Initiate of Gozag.
             Demolished by a titanic slime creature (86 damage)
             ... on level 12 of the Dungeon.
             The game lasted 00:05:43 (11165 turns).

Flugslaktarn the Severer (Minotaur Fighter)        Turns: 11165, Time: 00:05:44

Health: -21/110    AC: 16    Str: 27    XL:     12   Next: 43%
Magic:  11/11      EV:  9    Int:  2    God:    Gozag
Gold:   2756       SH: 13    Dex: 13    Spells: 11/11 levels left

rFire    . . .     SeeInvis .   a - +1 war axe
rCold    . . .     Gourm    .   c - +0 kite shield
rNeg     . . .     Faith    .   y - +5 scale mail "Put-Me-On" {rPois Int-3 Slay+5}
rPois    +         Spirit   .   (helmet restricted)
rElec    .         Reflect  .   (no cloak)
rCorr    .         Harm     .   (no gloves)
MR       +....                  D - +1 pair of boots
Stlth    ..........             (no amulet)
HPRegen  0.28/turn              m - ring of protection from magic
MPRegen  0.12/turn              j - +4 ring of dexterity

@: gold aura
A: retaliatory headbutt, horns 2
a: Potion Petition, Call Merchant, Bribe Branch, Renounce Religion


You were on level 12 of the Dungeon.
You worshipped Gozag.
Gozag was most pleased with you.
You were not hungry.

You visited 1 branch of the dungeon, and saw 12 of its levels.

You collected 2839 gold pieces.
You paid 83 gold pieces to Gozag.

Inventory:

Hand Weapons
 a - a +1 war axe (weapon)
 G - a +0 scimitar of flaming
   (You took it off Erica on level 11 of the Dungeon)
Missiles
 o - 3 throwing nets (quivered)
Armour
 c - a +0 kite shield (worn)
 l - a +0 plate armour
   (You found it on level 3 of the Dungeon)
 y - the +5 scale mail "Put-Me-On" (worn) {rPois Int-3 Slay+5}
   (You found it on level 5 of the Dungeon)

   It affects your intelligence (-3).
   It affects your accuracy and damage with ranged weapons and melee attacks
   (+5).
   It protects you from poison.
   If you remove this armour, your AC will decrease by 14 (16 -> 2).
 D - a +1 pair of boots (worn)
   (You found it on level 7 of the Dungeon)
Jewellery
 j - a +4 ring of dexterity (right hand)
   (You found it on level 3 of the Dungeon)
 m - a ring of protection from magic (left hand)
   (You found it on level 1 of the Dungeon)
Wands
 h - a wand of iceblast (29)
   (You found it on level 2 of the Dungeon)
 s - a wand of paralysis (5)
   (You took it off an orc on level 8 of the Dungeon)
 v - a wand of clouds (3)
   (You took it off Maurice on level 9 of the Dungeon)
Scrolls
 f - 3 scrolls of fear
 p - 5 scrolls of immolation
 r - 9 scrolls of identify
 t - 4 scrolls of teleportation
 u - a scroll of brand weapon {unknown}
 x - a scroll of enchant weapon
 z - 2 scrolls of blinking
 A - a scroll of magic mapping
 B - 5 scrolls of remove curse
 C - 3 scrolls of enchant armour
Potions
 b - 2 potions of magic
 d - 3 potions of might
 g - a potion of ambrosia
 i - 2 potions of stabbing
 k - 3 potions of brilliance
 n - a potion of resistance
 q - 4 potions of curing
 E - 3 potions of berserk rage
 F - a potion of mutation {unknown}
Miscellaneous
 w - a lamp of fire
   (You found it on level 11 of the Dungeon)
Comestibles
 e - 9 rations


   Skills:
 + Level 11.6 Fighting
 * Level 15.1 Axes
 + Level 11.6 Armour
 + Level 11.6 Shields


You had 11 spell levels left.
You didn't know any spells.
Your spell library was empty.

Dungeon Overview and Level Annotations

Branches:
Dungeon (12/15)            Temple (0/1) D:4            Lair (0/6) D:8
    Orc (0/2) D:11

Altars:
Cheibriados
Dithmenos
Elyvilon
Gozag
Hepliaklqana
Nemelex Xobeh
Yredelemnul

Shops:
D:2 *   D:7 }   D:12 :


Innate Abilities, Weirdness & Mutations

You reflexively headbutt those who attack you in melee.
You have a pair of horns on your head.


Message History

You slash the slime creature!
The adder is no longer distracted by gold.
The ogre is no longer distracted by gold.
You block the centaur warrior skeleton's attack.
Two slime creatures merge to form an enormous slime creature.
Two slime creatures merge to form a titanic slime creature.
The adder becomes distracted by the nearby gold, dreaming of imaginary riches.
The slime creature hits you but does no damage.
The adder hisses angrily.
You slash the centaur warrior skeleton!
You destroy the centaur warrior skeleton!
You slash the titanic slime creature! You slash the slime creature!
The titanic slime creature hits you but does no damage.
The slime creature hits you!
You slice the titanic slime creature!!
The titanic slime creature is heavily wounded.
You barely miss the slime creature. The titanic slime creature hits you!!!!
Ouch! That really hurt!
You die...
Your body crumbles into a pile of gold.

#........(#
#.........####. ..)....
#............!. .......
#.............. .......
##..........# .......
#......$..#.# ......>
#....(.$$.#.## .......
#.....$<.$$$.###J......
#?...!....$∩$.$.@JO)....
#.........$$$.##.$......
..#.......######....<..#
# ##.....## #.......#
####### #S......#
#.......# .#.###### . .#


You could see a titanic slime creature, a slime creature, an ogre and an adder.

Vanquished Creatures
  Snorg (D:11)
  Harold (D:9)
  Fannar (D:12)
  Erica (D:11)
  5 two-headed ogres
  Urug (D:11)
  Sonja (D:10)
  Pikel (D:9)
  An ugly thing (D:11)
  An elephant (D:8)
  Maurice (D:9)
  A centaur skeleton (D:12)
  An efreet (D:9)
  2 kobold demonologists (D:11)
  2 trolls (D:9)
  6 hippogriffs
  A wraith (D:11)
  2 wyverns
  A basilisk (D:8)
  13 yaks (D:10)
  2 hungry ghosts
  A steam dragon (D:7)
  7 orc warriors
  3 ice beasts
  4 slaves (D:9)
  4 black bears
  2 phantoms (D:10)
  6 sky beasts
  4 ogres
  5 centaurs
  A crocodile (D:8)
  4 bullfrogs
  2 big kobolds
  5 scorpions
  3 wyvern skeletons
  13 killer bees
  4 crimson imps
  2 howler monkeys
  A bullfrog zombie (D:5)
  A centaur zombie (D:5)
  3 jellies
  4 bullfrog skeletons
  7 orc priests
  5 hounds
  16 orc wizards
  Natasha (twice) (D:3)
  2 iguanas
  6 worker ants
  2 hound zombies
  3 hound skeletons
  A worker ant zombie (D:11)
  3 howler monkey skeletons
  12 adders
  4 gnolls (D:8)
  3 shadow imps
  3 adder zombies
  2 adder skeletons
  3 worms
  2 leopard geckos
  46 orcs
  6 giant cockroaches
  3 goblins
  6 hobgoblins
  12 jackals
  10 kobolds
  9 quokkas
  A ball python (D:2)
  3 bats (D:1)
  3 frilled lizards
  2 rats
  A spectral orc (D:8)
303 creatures vanquished.

Vanquished Creatures (others)
  2 fungi (D:8)
2 creatures vanquished.

Grand Total: 305 creatures vanquished

Notes
Turn   | Place    | Note
-------+----------+-------------------------------------------
     0 | D:1      | Flugslaktarn the Minotaur Fighter began the quest for the
                  | Orb.
     0 | D:1      | Reached XP level 1. HP: 19/19 MP: 0/0
    79 | D:1      | Reached XP level 2. HP: 24/27 MP: 1/1
   162 | D:2      | Found an opulent altar of Gozag.
   164 | D:2      | Found Gozag's Platinum Reserve.
   488 | D:2      | You fall into a shaft and drop 2 floors!
   492 | D:4      | Reached skill level 3 in Axes
   492 | D:4      | Reached XP level 3. HP: 31/33 MP: 2/2
   500 | D:4      | Reached XP level 4. HP: 24/40 MP: 3/3
   508 | D:4      | Reached skill level 4 in Axes
   518 | D:3      | Noticed Natasha
   525 | D:3      | Killed Natasha
   526 | D:3      | Reached XP level 5. HP: 22/47 MP: 4/4
   980 | D:2      | Became a worshipper of Gozag Ym Sagoz the Greedy
  1671 | D:3      | Found a shadowy altar of Dithmenos.
  2118 | D:3      | Found a hazy altar of Hepliaklqana.
  2118 | D:3      | Found a snail-covered altar of Cheibriados.
  2282 | D:3      | Noticed Natasha
  2288 | D:3      | Killed Natasha
  2298 | D:4      | Found a sparkling altar of Nemelex Xobeh.
  2303 | D:4      | Reached skill level 5 in Axes
  2330 | D:4      | Reached XP level 6. HP: 53/55 MP: 5/5
  2370 | D:4      | Reached skill level 5 in Fighting
  2370 | D:4      | Reached skill level 5 in Armour
  2370 | D:4      | Reached skill level 5 in Shields
  2663 | D:4      | Found a staircase to the Ecumenical Temple.
  2700 | D:5      | Entered Level 5 of the Dungeon
  2768 | D:5      | Reached skill level 6 in Axes
  2768 | D:5      | Reached XP level 7. HP: 61/61 MP: 6/6
  3028 | D:5      | Got a garnet-encrusted scale mail
  3039 | D:5      | Identified the +5 scale mail "Put-Me-On" {rPois Int-3
                  | Slay+5} (You found it on level 5 of the Dungeon)
  3071 | D:5      | Reached skill level 7 in Axes
  3086 | D:5      | Reached XP level 8. HP: 41/70 MP: 7/7
  3962 | D:6      | Found a white marble altar of Elyvilon.
  4067 | D:6      | Reached skill level 8 in Axes
  4505 | D:7      | Found Doqeyz's Gadget Boutique.
  4818 | D:7      | Reached skill level 9 in Axes
  5212 | D:7      | Reached XP level 9. HP: 79/79 MP: 8/8
  5938 | D:8      | Reached skill level 10 in Axes
  6028 | D:8      | Found a staircase to the Lair.
  6043 | D:8      | Noticed an elephant
  6068 | D:8      | Killed an elephant
  6068 | D:8      | Identified the cursed +1 longbow of Freehold {venom, rF-
                  | rN+++ Int+9 Dex-3}
  6126 | D:8      | Reached skill level 11 in Axes
  6126 | D:8      | Reached XP level 10. HP: 27/90 MP: 9/9
  6430 | D:8      | Noticed a two-headed ogre
  6441 | D:8      | Killed a two-headed ogre
  6986 | D:8      | Found a basalt altar of Yredelemnul.
  7350 | D:9      | Noticed Maurice
  7359 | D:9      | Killed Maurice
  7359 | D:9      | Reached skill level 12 in Axes
  7763 | D:9      | Noticed Harold
  7781 | D:9      | Killed Harold
  8032 | D:9      | Noticed Pikel
  8047 | D:9      | Killed Pikel
  8047 | D:9      | Reached XP level 11. HP: 94/99 MP: 10/10
  8403 | D:10     | Entered Level 10 of the Dungeon
  8501 | D:10     | Reached skill level 10 in Shields
  8523 | D:10     | Noticed Sonja
  8528 | D:10     | Reached skill level 10 in Fighting
  8532 | D:10     | Reached skill level 10 in Armour
  8554 | D:10     | Reached skill level 13 in Axes
  8701 | D:10     | Noticed a two-headed ogre
  8709 | D:10     | Killed a two-headed ogre
  8932 | D:10     | Killed Sonja
  9459 | D:11     | Noticed a white ugly thing
  9470 | D:11     | Killed a white ugly thing
  9648 | D:11     | Noticed a two-headed ogre
  9652 | D:11     | Killed a two-headed ogre
  9652 | D:11     | Reached skill level 14 in Axes
  9668 | D:11     | Noticed a two-headed ogre
  9677 | D:11     | Killed a two-headed ogre
 10002 | D:11     | Reached XP level 12. HP: 104/110 MP: 11/11
 10189 | D:11     | Noticed Erica
 10193 | D:11     | Killed Erica
 10255 | D:11     | Noticed Snorg
 10285 | D:11     | Killed Snorg
 10733 | D:11     | Found a staircase to the Orcish Mines.
 10785 | D:11     | Noticed Urug
 10799 | D:11     | Killed Urug
 11120 | D:12     | Found Helium's Book Emporium.
 11123 | D:12     | Noticed Fannar
 11140 | D:12     | Killed Fannar
 11152 | D:12     | Noticed a two-headed ogre
 11160 | D:12     | Killed a two-headed ogre
 11160 | D:12     | Reached skill level 15 in Axes
 11165 | D:12     | Demolished by a titanic slime creature

Levels and vault maps discovered:
D:1:      eino_arrival_water_cross, layout_basic
D:2:      layout_loops_corners, nicolae_gozag_zags_fifth_avenue
D:3:      layout_loops_ring, grunt_dithmenos_smoke_and_mirrors,
          gammafunk_temple_overflow_elements, uniq_natasha
D:4:      layout_rooms, nemelex_xobeh_ov_fountains_minmay, temple_statues,
          first_ration
D:5:      layout_basic
D:6:      layout_cave_pools, elyvilon_altar_4, minivault_11
D:7:      layout_loops_corners, serial_shops, shop
D:8:      layout_loops_ring, yredelemnul_forgotten_temple_becter,
          david_lair_generic
D:9:      minmay_bloctagon_deflated, layout_irregular_city, uniq_harold,
          uniq_maurice, uniq_pikel
D:10:     layout_rooms, uniq_sonja
D:11:     layout_stronghold, david_orc_4, uniq_snorg, uniq_erica, uniq_urug
D:12:     layout_rooms, serial_shops, shop_coins, grunt_tengu_nest,
          grunt_tough_drop, uniq_fannar

Skill      XL: |  1  2  3  4  5  6  7  8  9 10 11 12 |
---------------+-------------------------------------+-----
Fighting       | 4 5 6 7 8 9 11 | 11.6
Axes           | 3 4 5 6 7 9 11 12 14 15 | 15.1
Armour         | 4 5 6 7 8 9 11 | 11.6
Shields        | 4 5 6 7 8 9 11 | 11.6

Action                   |  1- 3 |  4- 6 |  7- 9 | 10-12 || total
-------------------------+-------+-------+-------+-------++-------
Melee: War axe           |    29 |   123 |   205 |   440 ||   797
       Headbutt          |     3 |    19 |    51 |   116 ||   189
Evoke: Wand              |       |       |       |     5 ||     5
  Use: Scroll            |       |       |    21 |     1 ||    22
       Potion            |       |       |       |     2 ||     2
 Stab: Distracted        |       |       |     1 |     6 ||     7
       Paralysed         |       |       |       |     2 ||     2
  Eat: Ration            |       |     2 |     3 |     6 ||    11
Armor: Scale mail        |    26 |    20 |   109 |   125 ||   280
       Plate armour      |       |    25 |    10 |       ||    35
Dodge: Dodged            |     6 |    29 |    46 |    93 ||   174
Block: Kite shield       |    17 |    53 |   116 |   223 ||   409

Table legend:
 A = Non-vault XP
 B = Vault XP
 C = Vault XP percentage of total XP
 D = Non-vault monster count
 E = Vault monster count
 F = Vault count percentage of total count
                 A         B        C        D         E       F
            +---------+---------+-------+---------+---------+-------
      Total |   19399 |    9420 |  32.7 |     266 |      33 |  11.0
            +---------+---------+-------+---------+---------+-------
        D:1 |      14 |       0 |   0.0 |       8 |       0 |   0.0
        D:2 |       9 |       0 |   0.0 |       5 |       0 |   0.0
        D:3 |     151 |      37 |  19.7 |      21 |       1 |   4.5
        D:4 |     413 |       0 |   0.0 |      16 |       0 |   0.0
        D:5 |     805 |       0 |   0.0 |      20 |       0 |   0.0
        D:6 |     626 |       0 |   0.0 |      14 |       0 |   0.0
        D:7 |     915 |       0 |   0.0 |      17 |       0 |   0.0
        D:8 |    3280 |    1065 |  24.5 |      51 |       5 |   8.9
        D:9 |    1209 |    3005 |  71.3 |      22 |       7 |  24.1
       D:10 |    5234 |     788 |  13.1 |      44 |       1 |   2.2
       D:11 |    4839 |    3539 |  42.2 |      40 |      18 |  31.0
       D:12 |    1904 |     986 |  34.1 |       8 |       1 |  11.1
            +---------+---------+-------+---------+---------+-------
